 Dungeon Crawl Stone Soup version 0.32-a0-20-ge526923d97 (webtiles) character file.

Game seed: 12069612912841322931

17322 Implojin the Slicer (level 12, -1/96 HPs)
             Began as an Armataur Conjurer on Jan 17, 2024.
             Was a Believer of Uskayaw.
             Slain by a merfolk
             ... wielding a +0 trident
              (3 damage)
             ... on level 3 of the Lair of Beasts.
             The game lasted 00:33:51 (5568 turns).

Implojin the Slicer (Armataur Conjurer)             Turns: 5568, Time: 00:33:52

Health: -1/96      AC:  9    Str: 12    XL:     12   Next: 17%
Magic:  19/19      EV:  9    Int: 22    God:    Uskayaw [**....]
Gold:   490        SH:  0    Dex: 13    Spells: 14/21 levels left

rFire   . . .        i - +3 short sword
rCold   + . .        (no shield)
rNeg    . . .        e - +3 leather armour "Diamerroel" {Dex+2 SInv}
rPois   .            p - +1 helmet
rElec   .            (no cloak)
rCorr   .            (no gloves)
SInv    +            (no barding)
Will    .....        (no amulet)
Stlth   +++          E - ring of flight
HPRegen 4.91/turn    h - ring of protection from cold
MPRegen 2.47/turn

%: roll
@: weak-willed, flying
A: large, deformed body, tough skin 3, armoured tail, roll 2
a: Renounce Religion, Stomp, Line Pass


You were on level 3 of the Lair of Beasts.
You worshipped Uskayaw.
Uskayaw was noncommittal.
You visited 2 branches of the dungeon, and saw 15 of its levels.
You also visited: Ossuary.

You collected 490 gold pieces.

Inventory:

Hand Weapons
 i - a +3 short sword (weapon)
 u - a +4 great mace
 w - a +0 flail of protection
 y - a +0 whip of electrocution
 H - a +0 rapier
Missiles
 f - 8 poisoned darts
 x - 7 boomerangs
Armour
 e - the +3 leather armour "Diamerroel" (worn) {Dex+2 SInv}
   (You found it on level 1 of the Lair of Beasts)

   Dex+2:     It affects your dexterity (+2).
   SInv:      It lets you see invisible.
 j - +0 acid dragon scales
 p - a +1 helmet (worn)
Jewellery
 h - a ring of protection from cold (right hand)
 E - a ring of flight (left hand)
Wands
 l - a wand of paralysis (1)
 q - a wand of flame (1)
Scrolls
 a - a scroll of fog
 b - a scroll of amnesia
 c - 3 scrolls of poison
 g - a scroll of teleportation
 r - 3 scrolls of noise
 D - a scroll of torment
Potions
 m - a potion of curing {unknown}
 o - 2 potions of haste
 z - 2 potions of mutation
 C - a potion of lignification
 G - a potion of enlightenment
Miscellaneous
 d - a box of beasts (inert)


   Skills:
 - Level 6.0 Fighting
 - Level 10.0 Short Blades
 - Level 1.3 Dodging
 - Level 7.0 Stealth
 - Level 5.0 Spellcasting
 * Level 9.9 Conjurations
 * Level 9.4 Translocations


You had 14 spell levels left.
You knew the following spells:

 Your Spells              Type           Power      Damage    Failure   Level
a - Magic Dart            Conj           100%       1d8       1%          1
b - Searing Ray           Conj           98%        2d8       1%          2
c - Iskenderun's Mystic   Conj/Tloc      48%        2d11      2%          4

Your spell library contained the following spells:

 Spells                   Type           Power      Damage    Failure   Level
 Apportation              Tloc           92%        N/A       1%          1
 Slow                     Hex            20%        N/A       13%         1
 Summon Small Mammal      Summ           20%        N/A       13%         1
 Fulminant Prism          Conj/Alch      13%        3d8       17%         4
 Jinxbite                 Hex            10%        N/A       19%         2
 Call Canine Familiar     Summ           5%         N/A       36%         3
 Confusing Touch          Hex            5%         N/A       36%         3
 Sigil of Binding         Hex            5%         N/A       36%         3
 Vampiric Draining        Necr           5%         2d6       36%         3
 Summon Blazeheart Golem  Fire/Summ      5%         N/A       77%         4
 Alistair's Intoxication  Alch           3%         N/A       98%         5


Dungeon Overview and Level Annotations

Branches:
Dungeon (11/15)            Temple (0/1) D:6            Lair (4/5) D:9
 Shoals (0/4) Lair:3       Spider (0/4) Lair:3          Orc (0/2) D:9
Ossuary (visited)
  Slime: Lair:4-5

Altars:
Hepliaklqana
Okawaru
Ru
Uskayaw

Annotations:
D:2 Terence
Lair:3 Amaemon


Innate Abilities, Weirdness & Mutations

Armour fits poorly on your strangely shaped body.
You have extremely tough skin. (AC +3)
You have a long armoured tail.
You regenerate magic and health when rolling toward enemies. (Rampage Regen)


Message History

Aiming: Paralyse
Press: ? - help, Shift-Dir - straight line, f - Amaemon
Aim: Amaemon, wielding a +0 demon whip of venom and carrying a wand of iceblast (weak-willed, chance to affect: 39%) Amaemon resists with some effort.
The merfolk hits you from afar with a +0 trident!
The merfolk barely misses you.
Danger: Low HP Warning |T3| Reason: 38% HP (37/96)
Aiming: Paralyse
Press: ? - help, Shift-Dir - straight line, f/p - Amaemon
Aim: Amaemon, wielding a +0 demon whip of venom and carrying a wand of iceblast (weak-willed, chance to affect: 39%) Amaemon suddenly stops moving!
The merfolk hits you from afar with a +0 trident!
The merfolk hits you with a +0 trident!
An orange demon comes into view.
The merfolk closely misses you.
Danger: Low HP Warning |T3| Reason: 18% HP (18/96)
You feel much better.
The merfolk hits you from afar with a +0 trident!!
The merfolk hits you with a +0 trident! The merfolk barely misses you.
Your magical contamination has completely faded away.
Danger: Low HP Warning |T3| Reason: 15% HP (15/96) Unknown command.
You erupt in a blast of force!
The mystic blast hits the merfolk!
The merfolk is moderately wounded.
The merfolk is knocked back by the mystic blast.
The merfolk slams into the rock wall!
The merfolk is moderately wounded.
The mystic blast hits the merfolk!
You kill the merfolk!
The mystic blast hits the merfolk!
The merfolk is severely wounded.
The merfolk is knocked back by the mystic blast.
The merfolk slams into the rock wall!
The merfolk is almost dead.
The merfolk closely misses you.
Unknown command.
You roll towards Amaemon!
The merfolk attacks as it pursues you!
The merfolk hits you from afar with a +0 trident!!
The merfolk hits you from afar with a +0 trident.
You die...

......########...........#.~.~..~
..###.# #..†.......#..≈~~.≈~.
####### ##†.......#.~~~~.≈...
##...### #.†........##.....~~~
..#>#..#######........###........
.~~~~~...#.....#.......###.......
~~###~~~.#....m#....#..# .#.....#
### ###)~'......)...#............
# ###'.....#@.##..P.# ####.
#...................### .
............m...6...#
...........######'4...#
...........# #.....# ...........#
...... #####....?.# #.#.#.
#####..# ###.


You could see Amaemon (paralysed, weak-willed), 2 merfolk and an orange demon.

Vanquished Creatures
  2 two-headed ogres (D:10)
  6 death yaks (D:9)
  A skyshark (Lair:3)
  A manticore (D:11)
  A merfolk siren (Lair:3)
  4 cane toads
  A merfolk (Lair:3)
  3 blink frogs (Lair:3)
  2 shadows
  2 wyverns
  25 yaks
  A basilisk (Lair:1)
  Grum (D:10)
  A steam dragon (D:9)
  A redback (Lair:3)
  An acid dragon (D:10)
  A water moccasin (Lair:3)
  An ice beast (D:8)
  2 orc warriors (D:9)
  A swamp drake (D:9)
  A sky beast (D:7)
  An ogre (D:9)
  12 wolves
  A kobold brigand (D:9)
  6 bullfrogs
  3 scorpions
  16 killer bees
  A bullfrog zombie (Ossuary)
  2 jellies
  3 orc priests
  Ijyb (D:3)
  9 orc wizards
  2 killer bee zombies (Ossuary)
  2 crocodile zombies (Ossuary)
  5 hound zombies (Ossuary)
  5 mummies (Ossuary)
  2 howler monkey zombies (Ossuary)
  Robin (D:3)
  4 ribbon worms
  36 orcs
  9 ball pythons
  A bat (D:3)
  5 goblins
  7 hobgoblins
  2 jackals (D:2)
  2 quokkas (D:2)
  3 ball python zombies (Ossuary)
  10 kobolds
  A rat (D:3)
211 creatures vanquished.

Vanquished Creatures (collateral kills)
  A death yak (D:9)
  3 yaks (D:10)
  A howler monkey (D:8)
  A white imp (D:8)
6 creatures vanquished.

Grand Total: 217 creatures vanquished

Notes
Turn   | Place    | Note
-------+----------+-------------------------------------------
     0 | D:1      | Implojin the Armataur Conjurer began the quest for the Orb.
     0 | D:1      | Reached XP level 1. HP: 14/14 MP: 3/3
   111 | D:1      | Reached XP level 2. HP: 10/20 MP: 0/4
   117 | D:1      | Learned a level 2 spell: Searing Ray
   188 | D:2      | Noticed Terence
   446 | D:3      | Found a hide-covered altar of Uskayaw.
   476 | D:3      | Became a worshipper of Uskayaw the Reveller
   501 | D:3      | Reached * piety under Uskayaw
   509 | D:3      | Reached ** piety under Uskayaw
   525 | D:3      | Reached *** piety under Uskayaw
   526 | D:3      | Reached XP level 3. HP: 10/26 MP: 1/5
   550 | D:3      | Noticed Robin
   551 | D:3      | Noticed Ijyb
   581 | D:3      | Killed Robin
   615 | D:3      | Killed Ijyb
   616 | D:3      | Reached skill level 5 in Conjurations
   616 | D:3      | Reached XP level 4. HP: 10/34 MP: 2/6
   642 | D:3      | Reached skill level 1 in Fighting
   851 | D:4      | Noticed a scorpion
   855 | D:4      | Killed a scorpion
   861 | D:4      | Learned a level 4 spell: Iskenderun's Mystic Blast
   878 | D:4      | Reached XP level 5. HP: 19/40 MP: 0/8
   980 | D:5      | Entered Level 5 of the Dungeon
  1076 | D:5      | Reached XP level 6. HP: 42/48 MP: 2/9
  1280 | D:6      | Found a staircase to the Ecumenical Temple.
  1333 | D:6      | Found a sand-covered staircase.
  1338 | Ossuary  | Entered an ossuary
  1484 | Ossuary  | Reached **** piety under Uskayaw
  1491 | Ossuary  | Reached skill level 5 in Translocations
  1666 | Ossuary  | Gained mutation: You regenerate magic and health when
                  | rolling toward enemies. (Rampage Regen) [Armataur growth]
  1666 | Ossuary  | Reached XP level 7. HP: 11/55 MP: 1/10
  2290 | D:7      | Found a sacrificial altar of Ru.
  2405 | D:7      | Noticed a shadow
  2541 | D:7      | Killed a shadow
  2542 | D:7      | Reached XP level 8. HP: 58/61 MP: 9/11
  3418 | D:7      | Found a hazy altar of Hepliaklqana.
  3521 | D:9      | Reached XP level 9. HP: 67/67 MP: 5/12
  3761 | D:9      | Noticed a death yak
  3762 | D:9      | Noticed a death yak
  3762 | D:9      | Noticed a death yak
  3762 | D:9      | Found a staircase to the Lair.
  3762 | D:9      | Noticed a death yak
  3762 | D:9      | Noticed a death yak
  3763 | D:9      | Noticed a death yak
  3773 | D:9      | Noticed a death yak
  3829 | D:9      | Reached ***** piety under Uskayaw
  4001 | D:9      | Killed a death yak
  4002 | D:9      | Reached skill level 3 in Short Blades
  4019 | D:9      | Killed a death yak
  4020 | D:9      | Reached skill level 4 in Short Blades
  4023 | D:9      | Reached ****** piety under Uskayaw
  4028 | D:9      | Killed a death yak
  4029 | D:9      | Reached XP level 10. HP: 64/73 MP: 6/17
  4030 | D:9      | Killed a death yak
  4031 | D:9      | Reached skill level 5 in Spellcasting
  4046 | D:9      | Killed a death yak
  4062 | D:10     | Entered Level 10 of the Dungeon
  4157 | D:11     | Noticed a cyclops
  4210 | D:10     | Noticed a two-headed ogre
  4224 | D:10     | Reached skill level 5 in Short Blades
  4224 | D:10     | Killed a two-headed ogre
  4225 | D:10     | Reached skill level 6 in Short Blades
  4226 | D:10     | Reached skill level 5 in Stealth
  4242 | D:11     | Noticed a manticore
  4253 | D:11     | Killed a manticore
  4254 | D:11     | Reached skill level 7 in Short Blades
  4298 | D:11     | Noticed a manticore
  4329 | D:10     | Found an iron altar of Okawaru.
  4397 | D:10     | Reached XP level 11. HP: 33/84 MP: 6/18
  4414 | D:10     | Noticed a two-headed ogre
  4455 | D:10     | Killed a two-headed ogre
  4456 | D:10     | Reached skill level 5 in Fighting
  4549 | D:10     | Noticed Grum
  4552 | D:10     | Killed Grum
  4734 | D:9      | Reached skill level 8 in Short Blades
  4748 | D:9      | Found a staircase to the Orcish Mines.
  4942 | D:9      | Killed a death yak
  4959 | D:9      | Killed a death yak
  4960 | D:9      | Reached skill level 9 in Short Blades
  5000 | Lair:1   | Entered Level 1 of the Lair of Beasts
  5090 | Lair:1   | Identified the +3 leather armour "Diamerroel" {Dex+2 SInv}
  5246 | Lair:3   | Found a hole to the Spider Nest.
  5253 | Lair:3   | Reached skill level 10 in Short Blades
  5417 | Lair:3   | Noticed a skyshark
  5426 | Lair:3   | Killed a skyshark
  5428 | Lair:3   | Reached XP level 12. HP: 68/96 MP: 3/19
  5510 | Lair:3   | Found a staircase to the Shoals.
  5560 | Lair:3   | Noticed Amaemon
  5568 | Lair:3   | HP: 2/96 [merfolk/+0 trident (22)]
  5568 | Lair:3   | Slain by a merfolk

Illustrated notes

Levels and vault maps discovered:
D:1:      psy_arrival_statuary, layout_basic
D:2:      layout_loops_ring, uniq_terence
D:3:      layout_loops_ring, old_standard_altar, nicolae_goblin_pals
D:4:      layout_basic, lemuel_doored_altar, mainiacjoe_overflow_alcove_4,
          serial_shops, nicolae_shop_pleasant_corner_grove, kennysheep_potato
D:5:      layout_rooms, mainiacjoe_overflow_paths, mainiacjoe_overflow_alcove_2,
          st_stairs_9, grunt_decor_arrowhead, chequers_serial_rivers_large_a,
          minmay_misc_feat_square, reono_crystal_passage, feat_on_display
D:6:      layout_rooms, elyvilon_altar_5, makhleb_blood_cavern_becter,
          minmay_temple_entry_waves, serial_rivers,
          chequers_serial_rivers_micro_e, chequers_serial_rivers_small_a,
          chequers_serial_rivers_large_b, chequers_serial_rivers_small_3,
          chequers_serial_rivers_micro_e, nicolae_ossuary_entry_plus
D:7:      layout_loops_cross, nicolae_ru_path_of_blood,
          worldfamousw_hep_ancestral_shrine
D:8:      layout_basic
D:9:      layout_basic, dpeg_lair_monsters, erik_orc_1
D:10:     layout_loops_corners, old_standard_altar, uniq_grum
D:11:     layout_loops_ring, serial_bayou_pond_b
Lair:1:   layout_concentric_octagons, grunt_megastairs_5
Lair:2:   layout_layer_cave
Lair:3:   beargit_carnivore_pack, layout_chaotic_city,
          elwin_shoals_entry_stream, spider_nest_entry_webs, serial_rivers,
          chequers_serial_rivers_micro_e, chequers_serial_rivers_room_a,
          chequers_serial_rivers_room_a, chequers_serial_rivers_marsh,
          chequers_serial_rivers_marsh, uniq_amaemon
Lair:4:   layout_gridlike, grunt_megastairs_3, lemuel_fruit_tree,
          serial_bayou_shore_b, infiniplex_staircase_pool

Skill      XL: |  1  2  3  4  5  6  7  8  9 10 11 12 |
---------------+-------------------------------------+-----
Conjurations   | 4 5 6 8 9 |  9.9
Fighting       | 1 2 4 6 |  6.0
Spellcasting   | 2 4 5 |  5.0
Translocations | 2 3 5 6 7 8 9 |  9.4
Short Blades   | 4 7 10 | 10.0
Stealth        | 4 7 |  7.0
Dodging        | |  1.3

Action                     |  1- 3 |  4- 6 |  7- 9 | 10-12 || total
---------------------------+-------+-------+-------+-------++-------
  Melee: Dagger            |    38 |    98 |    35 |       ||   171
         Tailslap          |     3 |    24 |    16 |    12 ||    55
         Punch             |     1 |     3 |     2 |     2 ||     8
         Rapier            |       |       |    77 |     4 ||    81
         Short sword       |       |       |       |    96 ||    96
   Cast: Magic Dart        |    55 |    28 |     6 |     1 ||    90
         Searing Ray       |     1 |    16 |     4 |       ||    21
         Iskenderun's Myst |       |     3 |    73 |   119 ||   195
  Evoke: Wand              |       |     5 |    10 |     5 ||    20
         Box of beasts     |       |       |     1 |     3 ||     4
    Use: Potion            |       |     2 |     1 |     4 ||     7
         Scroll            |       |     2 |    16 |     6 ||    24
   Stab: Sleeping          |     1 |     2 |       |     2 ||     5
         Paralysed         |       |     3 |    26 |    21 ||    50
         Distracted        |       |       |       |     2 ||     2
         Held in net/web   |       |       |       |     1 ||     1
 Armour: Robe              |    40 |   107 |   160 |    12 ||   319
         Acid dragon scale |       |       |       |    78 ||    78
         Leather armour    |       |       |       |    56 ||    56
         Skin              |       |       |       |     2 ||     2
  Dodge: Dodged            |    33 |    80 |    78 |    58 ||   249

Table legend: (Time is in decaauts)
 A = Elapsed time spent in this place.
 B = Non-inter-level travel time spent in this place.
 C = Inter-level travel time spent in this place.
 D = Time resting spent in this place.
 E = Time spent auto-exploring this place.
 F = Levels seen in this place.
 G = Mean time per level.
                   A        B        C        D        E       F      G
               +--------+--------+--------+--------+--------+-----+--------+
         Total |   5499 |   5449 |     50 |    549 |    987 |  16 |  343.7 |
       Dungeon |   4248 |   4198 |     50 |    319 |    808 |  11 |  386.2 |
          Lair |    544 |    544 |      0 |      0 |      0 |   4 |  136.0 |
       Ossuary |    706 |    706 |      0 |    230 |    179 |   1 |  706.0 |
               +--------+--------+--------+--------+--------+-----+--------+

Top non-repeatable levels by time:
     D:7: 1223 daAuts
 Ossuary: 706 daAuts
     D:9: 700 daAuts
    D:10: 422 daAuts
     D:3: 395 daAuts
     D:6: 328 daAuts
  Lair:3: 325 daAuts
     D:8: 287 daAuts
     D:2: 281 daAuts
     D:5: 224 daAuts
     D:4: 171 daAuts
  Lair:1: 154 daAuts
     D:1: 144 daAuts
    D:11: 67 daAuts
  Lair:2: 48 daAuts
